Map: Dusk Towers

Players

llllllllllll - Winner!

  • Race: Protoss Protoss

PuPu

  • Race: Zerg Zerg

Event: Gauntlet LotV Series 1 Qualifier 1

VOD

Have the link to the VOD?

Description

Time

  • Played on: Nov. 22, 2015, 3:29 p.m.
  • Length: 9:12

All games in this series

Show
View Real Time Build Order
Export as new Build Order

llllllllllll Protoss - Winner!

Build Orders: Oracle Opening, Phoenix Opening 

Get SALT Encoding   

  12  0:01  Probe (Chrono Boost)  
  13  0:11  Probe (Chrono Boost)  
  14  0:18  Pylon  
  14  0:22  Probe (Chrono Boost)  
  15  0:36  Probe (Chrono Boost)  
  15  0:37  Gateway  
  16  0:45  Assimilator  
  16  0:47  Probe (Chrono Boost)  
  17  0:57  Probe (Chrono Boost), Assimilator  
  18  1:08  Probe (Chrono Boost)  
  20  1:18  Probe (Chrono Boost)  
  20  1:25  Cybernetics Core  
  20  1:29  Probe (Chrono Boost)  
  20  1:30  Pylon  
  21  1:39  Probe (Chrono Boost)  
  24  1:57  Nexus  
  22  2:04  Mothership Core (Chrono Boost)  
  24  2:10  Adept  
  26  2:22  Stargate  
  26  2:25  Probe (Chrono Boost)  
  27  2:35  Probe (Chrono Boost)  
  28  2:43  Adept  
  28  2:44  Pylon  
  30  2:46  Probe (Chrono Boost)  
  31  2:51  Warp Gate  
  31  3:02  Probe (Chrono Boost)  
  32  3:07  Oracle (Chrono Boost)  
  32  3:11  Probe  
  36  3:13  Probe  
  37  3:21  Probe  
  37  3:25  Probe  
  39  3:32  Probe  
  38  3:37  Probe, Gateway  
  38  3:40  Gateway, Phoenix (Chrono Boost)  
  41  3:43  Probe (Chrono Boost)  
  42  3:49  Probe (Chrono Boost)  
  42  3:54  Pylon  
  42  3:55  Probe (Chrono Boost)  
  44  4:00  Probe (Chrono Boost)  
  45  4:03  Phoenix  
  45  4:07  Probe (Chrono Boost)  
  48  4:10  Probe (Chrono Boost)  
  49  4:18  Probe (Chrono Boost), Pylon  
  49  4:21  Probe (Chrono Boost)  
  51  4:26  Robotics Facility  
  51  4:28  Phoenix  
  53  4:43  Probe (Chrono Boost)  
  53  4:44  Probe (Chrono Boost)  
  55  4:46  Assimilator  
  55  4:50  Assimilator  
  55  4:53  Phoenix  
  55  4:55  Adept x3  
  63  5:04  Probe (Chrono Boost)  
  63  5:05  Probe (Chrono Boost)  
  65  5:12  Pylon  
  65  5:13  Pylon  
  65  5:17  Observer  
  65  5:18  Phoenix  
  68  5:25  Pylon  
  68  5:41  Adept x3  
  74  5:43  Phoenix  
  74  5:46  Immortal  
  74  5:47  Pylon  
  78  6:14  Adept x3  
  78  6:18  Nexus  
  84  6:20  Gateway  
  84  6:22  Gateway  
  84  6:23  Gateway  
  84  6:26  Pylon  
  82  6:33  Phoenix  
  82  6:35  Immortal  
  86  6:46  Forge  
  86  6:48  Twilight Council  
  86  6:49  Pylon  
  86  6:50  Pylon  
  86  7:03  Probe (Chrono Boost)  
  86  7:04  Probe (Chrono Boost)  
  88  7:13  Gateway, Protoss Ground Weapons Level 1  
  88  7:14  Probe (Chrono Boost), Gateway  
  89  7:16  Immortal  
  93  7:26  Probe (Chrono Boost)  
  93  7:27  Probe (Chrono Boost)  
  95  7:37  Probe x2 (Chrono Boost)  
  97  7:47  Probe (Chrono Boost)  
  96  8:01  Adept x6  
  96  8:03  Immortal  
  112  8:07  Pylon  
  112  8:09  Pylon  
  110  8:22  Stalker x2  
  110  8:23  Stalker x4  
  120  8:28  Probe  
  120  8:29  Probe x2  
  123  8:40  Stalker x2  
  125  8:43  Probe  
  125  8:44  Probe  
  125  8:45  Probe  
  130  8:51  Sentry x3  
  130  8:52  Stalker  
  130  8:55  Stalker  
  140  8:56  Probe  
  140  8:58  Stalker  
Show
View Real Time Build Order
Export as new Build Order

PuPu Zerg 

Build Orders: Hatch First, Lurkers 

Get SALT Encoding   

  12  0:01  Drone  
  13  0:12  Overlord  
  13  0:18  Drone  
  14  0:31  Drone x2  
  14  0:35  Drone  
  17  0:55  Drone  
  18  0:57  Hatchery  
  18  1:00  Drone  
  18  1:14  Spawning Pool  
  18  1:16  Drone, Extractor  
  17  1:21  Drone  
  18  1:29  Drone  
  19  1:43  Overlord  
  19  1:53  Drone  
  20  2:00  Queen  
  22  2:02  Zergling x2  
  23  2:09  Queen  
  23  2:10  Drone  
  26  2:18  Drone  
  27  2:22  Metabolic Boost  
  27  2:32  Hatchery  
  27  2:33  Drone  
  28  2:37  Drone  
  28  2:39  Drone  
  28  2:40  Drone  
  30  2:45  Drone  
  30  2:46  Drone  
  32  2:54  Zergling x4  
  32  2:57  Queen  
  35  3:09  Overlord  
  35  3:10  Overlord  
  35  3:12  Drone  
  35  3:27  Drone x2  
  35  3:28  Drone x3  
  35  3:32  Drone x2  
  40  3:38  Spore Crawler x2  
  38  3:42  Drone x5  
  43  3:50  Drone x2  
  43  3:54  Drone  
  46  4:00  Drone  
  46  4:01  Spore Crawler  
  46  4:03  Extractor  
  46  4:04  Drone x5  
  49  4:10  Queen  
  49  4:15  Lair  
  51  4:18  Overlord  
  51  4:21  Overlord  
  51  4:25  Overlord  
  50  4:37  Drone x2  
  50  4:38  Drone, Extractor  
  51  4:39  Drone x3  
  51  4:40  Drone  
  51  4:41  Drone x2, Extractor  
  51  4:43  Drone  
  58  4:46  Drone  
  58  4:47  Drone x2  
  58  4:50  Drone x2  
  58  4:51  Drone  
  63  4:53  Drone  
  63  4:55  Drone  
  63  4:59  Evolution Chamber  
  64  5:08  Drone  
  64  5:09  Overlord  
  64  5:10  Overlord x2, Extractor  
  64  5:15  Hydralisk Den  
  64  5:19  Drone x2  
  65  5:26  Zerg Missile Weapons Level 1  
  65  5:27  Roach Warren  
  64  5:30  Drone x2  
  64  5:31  Drone  
  64  5:33  Drone x2  
  64  5:34  Drone x4  
  64  5:35  Drone  
  74  5:40  Spore Crawler  
  74  5:41  Zergling x4  
  73  5:47  Lurker Den  
  73  5:48  Hydralisk x2  
  77  5:51  Hydralisk  
  77  5:54  Hydralisk  
  77  6:01  Hydralisk x2  
  81  6:08  Hydralisk x3  
  85  6:12  Spore Crawler  
  85  6:16  Drone x3  
  86  6:19  Glial Reconstitution  
  86  6:21  Hydralisk  
  86  6:22  Zergling x4  
  89  6:41  Overlord x3  
  89  6:43  Overseer  
  89  6:47  Overlord x2  
  89  7:00  Drone x2  
  89  7:02  Roach  
  89  7:03  Roach x10  
  111  7:14  Drone x2  
  111  7:15  Lurker x3  
  116  7:17  Lurker  
  117  7:23  Drone x3  
  117  7:24  Extractor  
  117  7:25  Drone, Hydralisk x4  
  117  7:26  Zergling x2  
  128  7:40  Overlord  
  128  7:42  Overlord x2  
  126  7:46  Overlord x2  
  126  7:47  Hatchery  
  126  7:50  Infestation Pit  
  121  7:56  Drone x3  
  121  7:58  Drone x2  
  121  8:00  Roach x2  
  121  8:01  Spore Crawler, Roach x4  
  118  8:15  Roach x3  
  118  8:16  Roach  
  122  8:25  Drone x2  
  112  8:34  Drone x4  
  115  8:36  Drone  
  115  8:37  Drone x5  
  112  8:44  Hydralisk  
  112  8:47  Spore Crawler, Hydralisk x2  
  105  8:53  Lurker  
  105  8:54  Lurker  
  107  8:56  Lurker  
  114  9:06  Spore Crawler  
Tags
 
Add a new tag
Caveats
  • Supply blocks, unpowered buildings, or Contaminate may cause inaccurate times.
  • Supply counts are checked every 10 seconds.